 Dungeon Sprint DCSS version 0.31-a0-965-g8a8ce12e04 (webtiles) character file.

Game seed: 6218949983815415131

11531 rocky1 the Wrestler (level 11, -14/110 (119) HPs)
             Began as an Ogre Shapeshifter on Oct 27, 2023.
             Was an Initiate of Gozag.
             Killed from afar by a vampire mage (18 damage)
             ... with a bolt of negative energy
             ... in the Dungeon (Sprint VII: "The Pits").
             The game lasted 00:11:16 (5462 turns).

rocky1 the Wrestler (Ogre Shapeshifter)             Turns: 5462, Time: 00:11:17

HP:   -14/110 (119) AC:  4    Str: 27    XL:     11   Next: 79%
MP:   11/11         EV: 13    Int: 11    God:    Gozag
Gold: 547           SH:  0    Dex: 13    Spells: 6/10 levels left

rFire   . .          .
                       - Unarmed
rCold   . . .        (no shield)
rNeg    . . .        q - +1 robe of Resonance {Str+2}
rPois   .            (helmet currently unavailable)
rElec   .            (cloak currently unavailable)
rCorr   .            (gloves unavailable)
SInv    .            (boots unavailable)
Will    +....        (no amulet)
Stlth   +            b - +3 ring of dexterity
HPRegen 0.38/turn    i - +3 ring of strength
MPRegen 0.12/turn

%: no teleportation
@: beast-form, gold aura, slowed, drained, very slow
A: beast (slay +4), large, unfitting armour, tough skin 1
a: Begin Untransformation, Renounce Religion, Potion Petition, Call Merchant,
Bribe Branch


You were in the Dungeon.
You worshipped Gozag.
Gozag was pleased with you.
You were a hulking beast.
You visited 1 branch You collected 5934 gold pieces.
You spent 1422 gold pieces at shops.
You paid 3965 gold pieces to Gozag.

Inventory:

Armour
 a - a +0 animal skin
 q - the +1 robe of Resonance (worn) {Str+2}
   (You bought it in a shop in the Dungeon)

   Str+2:     It affects your strength (+2).
Jewellery
 b - a +3 ring of dexterity (left hand)
 i - a +3 ring of strength (right hand)
 u - a ring of ice
 v - a ring of ice
Talismans
 c - a beast talisman
 d - a flux talisman
Wands
 x - a wand of iceblast (2) (quivered)
 y - a wand of mindburst (5)
Scrolls
 f - a scroll of blinking
 j - 5 scrolls of fear
 l - 2 scrolls of vulnerability
 m - 5 scrolls of amnesia
 n - a scroll of summoning
 s - 3 scrolls of identify
 t - 3 scrolls of fog
 w - a scroll of enchant armour
 z - a scroll of revelation
Potions
 e - 2 potions of curing
 g - 2 potions of berserk rage
 h - 4 potions of magic
 k - a potion of invisibility
 o - 3 potions of brilliance
 p - 6 potions of heal wounds
 r - 2 potions of haste


   Skills:
 + Level 10.6 Fighting
 + Level 9.2 Dodging
 - Level 0.5 Stealth
 * Level 21.4 Unarmed Combat
 * Level 10.9 Shapeshifting


You had 6 spell levels left.
You knew the following spells:

 Your Spells              Type           Power      Damage    Failure   Level
a - Vhi's Electric Charg  Tloc/Air       0%         N/A       98%         4

Your spell library contained the following spells:

 Spells                   Type           Power      Damage    Failure   Level
 Freeze                   Ice            0%         1d3       34%         1
 Sublimation of Blood     Necr           0%         N/A       47%         2
 Frozen Ramparts          Ice            0%         1d1       71%         3
 Hailstorm                Conj/Ice       0%         3d3       71%         3
 Petrify                  Tmut/Erth      0%         N/A       98%         4
 Arcjolt                  Conj/Air       0%         1d10      100%        5
 Irradiate                Conj/Tmut      0%         3d11      100%        5
 Maxwell's Capacitive Co  Air            0%         ∞         100%        8


Dungeon Overview and Level Annotations

Branches:
Dungeon (1/1)

Altars:
Ashenzari
Cheibriados
Dithmenos
Elyvilon
Fedhas
Gozag
Hepliaklqana
Kikubaaqudgha
Makhleb
Nemelex Xobeh
Okawaru
Qazlal
Ru
Sif Muna
Trog
Uskayaw
Vehumet
Wu Jian
Xom
Yredelemnul
Zin
The Shining One
Jiyva
Lugonu

Shops:
D [**


Innate Abilities, Weirdness & Mutations

You are a hulking beast.
Your limbs bulge with bestial killing power. (Slay +4)
You are too large for most types of armour.
You have tough skin. (AC +1)


Message History

Unknown command.
You hit the vampire mage but do no damage.
The vampire mage is moderately damaged.
The jiangshi claws you.
The jiangshi draws strength from your injuries!
The jiangshi barely misses you. The freezing wraith hits you.
The freezing wraith freezes you! The freezing wraith misses you.
The vampire mage gestures wildly while chanting.
The vampire mage flickers and vanishes!
Deactivating autopickup; reactivate with Ctrl-A.
You hit something but do no damage. Your punch misses something.
Unknown command.
You barely miss something.
The freezing wraith hits you but does no damage.
The freezing wraith closely misses you.
You pummel something!! The freezing wraith closely misses you.
The freezing wraith hits you! The freezing wraith drains your vigour!
You feel yourself slow down.
You hit something but do no damage. Your punch misses something.
The jiangshi closely misses you. The jiangshi claws you!!
The jiangshi draws strength from your injuries!
You hear some strange, mumbled words.
A bolt of negative energy appears from out of thin air!
The bolt of negative energy hits you!!
You feel drained.
You hit something. The jiangshi claws you!
* * * LOW HITPOINT WARNING * * *
The jiangshi draws strength from your injuries!
The jiangshi claws you!
* * * LOW HITPOINT WARNING * * *
The jiangshi draws strength from your injuries!
The freezing wraith hits you.
* * * LOW HITPOINT WARNING * * *
The freezing wraith freezes you!
* * * LOW HITPOINT WARNING * * *
The freezing wraith barely misses you.
You hear some strange, mumbled words.
A bolt of negative energy appears from out of thin air!
The bolt of negative energy hits you!!
You feel drained.
You die...
Your body crumbles into a pile of gold.

#..# #..# #..# ####### #..#
..##..# #..# ..##..# #WC#
..''..# #{V#
..''..##########h.#
..##..∩..........W#
..##..............#
################### ##
##########################
.#
#.........##.[...'...'..(#
.# #.......#
#....[##.##)))# ##
####...###########...#####
#
###..+...+..##..##.......##


You could see a jiangshi (summoned), a flayed ghost (summoned), a cyclops and a
freezing wraith (summoned).

Vanquished Creatures
  An eidolon (D)
  A rakshasa (D)
  2 death yaks (D)
  A sixfirhy (D)
  A deep troll (D)
  A phantasmal warrior (D)
  A black mamba (D)
  An orange demon (D)
  An eye of devastation (D)
  A cane toad (D)
  An efreet (D)
  A freezing wraith (D)
  A guardian mummy (D)
  2 trolls (D)
  2 hellwings (D)
  A tyrant leech (D)
  A red devil (D)
  2 glass eyes (D)
  A snapping turtle (D)
  2 jumping spiders (D)
  A flying skull (D)
  4 yaks (D)
  A wraith (D)
  2 basilisks (D)
  2 vampire mosquitoes (D)
  2 redbacks (D)
  Menkaure (D)
  2 water moccasins (D)
  An ice beast (D)
  An orc warrior (D)
  A black bear (D)
  An ogre (D)
  7 wolves (D)
  A phantom (D)
  A centaur (D)
  A gnoll sergeant (D)
  2 scorpions (D)
  2 hounds (D)
  An iron imp (D)
  A gnoll bouda (D)
  3 orc wizards (D)
  A mummy (D)
  8 gnolls (D)
  An adder (D)
  A river rat (D)
  An ufetubus (D)
  An adder skeleton (D)
  4 orcs (D)
  2 jackals (D)
  A frilled lizard (D)
  3 kobolds (D)
  2 rats (D)
88 creatures vanquished.

Notes
Turn   | Place    | Note
-------+----------+-------------------------------------------
     0 | D        | rocky1 the Ogre Shapeshifter began the quest for the Orb.
     0 | D        | Reached XP level 1. HP: 19/19 MP: 1/1
    21 | D        | Reached skill level 3 in Unarmed Combat
    21 | D        | Reached XP level 2. HP: 16/28 MP: 2/2
   202 | D        | Found a bloodstained altar of Trog.
   202 | D        | Found a shimmering blue altar of Sif Muna.
   202 | D        | Found a viscous altar of Jiyva.
   202 | D        | Found a hazy altar of Hepliaklqana.
   202 | D        | Found an opulent altar of Gozag.
   203 | D        | Found a glowing golden altar of the Shining One.
   203 | D        | Found a glowing silver altar of Zin.
   203 | D        | Found a basalt altar of Yredelemnul.
   203 | D        | Found a shimmering altar of Xom.
   203 | D        | Found an ornate altar of the Wu Jian Council.
   203 | D        | Found a sacrificial altar of Ru.
   203 | D        | Found a stormy altar of Qazlal.
   203 | D        | Found an iron altar of Okawaru.
   203 | D        | Found a sparkling altar of Nemelex Xobeh.
   203 | D        | Found a burning altar of Makhleb.
   203 | D        | Found a blossoming altar of Fedhas.
   203 | D        | Found a white marble altar of Elyvilon.
   203 | D        | Found a shadowy altar of Dithmenos.
   203 | D        | Found a snail-covered altar of Cheibriados.
   206 | D        | Found a corrupted altar of Lugonu.
   206 | D        | Found a radiant altar of Vehumet.
   208 | D        | Found a broken altar of Ashenzari.
   208 | D        | Found an ancient bone altar of Kikubaaqudgha.
   208 | D        | Found a hide-covered altar of Uskayaw.
   210 | D        | Became a worshipper of Gozag Ym Sagoz the Greedy
   497 | D        | Noticed a scorpion
   501 | D        | Killed a scorpion
   502 | D        | Reached skill level 5 in Unarmed Combat
   502 | D        | Reached skill level 5 in Shapeshifting
   502 | D        | Reached XP level 3. HP: 36/36 MP: 3/3
   502 | D        | Reached XP level 4. HP: 44/44 MP: 4/4
   871 | D        | Noticed an ice beast
   879 | D        | Killed an ice beast
   880 | D        | Reached skill level 6 in Unarmed Combat
   880 | D        | Reached XP level 5. HP: 54/54 MP: 5/5
   913 | D        | Noticed a glass eye
   926 | D        | Killed a glass eye
   927 | D        | Reached skill level 9 in Unarmed Combat
   927 | D        | Reached XP level 6. HP: 62/62 MP: 6/6
  1130 | D        | Noticed a water moccasin
  1131 | D        | Noticed a water moccasin
  1147 | D        | Reached XP level 7. HP: 25/71 MP: 7/7
  1158 | D        | Reached skill level 10 in Unarmed Combat
  1167 | D        | Reached skill level 5 in Fighting
  1167 | D        | Reached skill level 11 in Unarmed Combat
  1366 | D        | Noticed a death yak
  1378 | D        | Killed a death yak
  1379 | D        | Reached skill level 5 in Dodging
  1379 | D        | Reached skill level 13 in Unarmed Combat
  1379 | D        | Reached XP level 8. HP: 68/84 MP: 8/8
  1955 | D        | Noticed an efreet
  1967 | D        | Reached skill level 14 in Unarmed Combat
  1967 | D        | Reached XP level 9. HP: 79/92 MP: 9/9
  1972 | D        | Killed an efreet
  2248 | D        | Bought the +1 robe of Resonance {Str+2} for 219 gold pieces
  2272 | D        | Noticed a hellwing
  2330 | D        | Killed a hellwing
  2331 | D        | Reached skill level 15 in Unarmed Combat
  2639 | D        | Noticed a guardian mummy
  2655 | D        | HP: 1/93 [guardian mummy (16)]
  2657 | D        | Killed a guardian mummy
  2850 | D        | Noticed a troll
  2852 | D        | Noticed a hellwing
  2866 | D        | Reached skill level 16 in Unarmed Combat
  2894 | D        | Killed a hellwing
  2895 | D        | Reached XP level 10. HP: 45/104 MP: 10/10
  2910 | D        | Reached skill level 17 in Unarmed Combat
  3170 | D        | Noticed a black mamba
  3170 | D        | Noticed Menkaure
  3177 | D        | Killed a black mamba
  3507 | D        | Bought Maxwell's Memoranda for 720 gold pieces
  3512 | D        | Learned a level 4 spell: Vhi's Electric Charge
  3525 | D        | Killed Menkaure
  3882 | D        | Noticed a phantasmal warrior
  3889 | D        | Killed a phantasmal warrior
  3890 | D        | Reached skill level 18 in Unarmed Combat
  4208 | D        | Noticed a sixfirhy
  4208 | D        | Noticed a deep troll
  4208 | D        | Noticed a death yak
  4208 | D        | Noticed an eidolon
  4210 | D        | Killed a sixfirhy
  4211 | D        | Noticed an orange demon
  4220 | D        | Killed an eidolon
  4221 | D        | Reached skill level 19 in Unarmed Combat
  4221 | D        | Reached skill level 10 in Shapeshifting
  4221 | D        | Reached XP level 11. HP: 88/117 MP: 11/11
  4226 | D        | Killed a deep troll
  4232 | D        | Killed a death yak
  4233 | D        | Reached skill level 10 in Fighting
  4546 | D        | Noticed a rakshasa
  4553 | D        | Reached skill level 20 in Unarmed Combat
  4629 | D        | Killed a rakshasa
  4630 | D        | Reached skill level 21 in Unarmed Combat
  5182 | D        | Bought a scroll of enchant armour for 135 gold pieces
  5182 | D        | Bought a scroll of identify for 36 gold pieces
  5443 | D        | Bought a wand of iceblast (4) for 124 gold pieces
  5443 | D        | Bought a wand of mindburst (5) for 91 gold pieces
  5443 | D        | Bought a scroll of revelation for 97 gold pieces
  5451 | D        | Noticed a cyclops
  5451 | D        | Noticed a vampire mage
  5456 | D        | Noticed a flayed ghost
  5456 | D        | Noticed a jiangshi
  5462 | D        | HP: 4/114 [freezing wraith[a vampire mage] (8)]
  5462 | D        | Killed from afar by a vampire mage

Illustrated notes

Levels and vault maps discovered:
D:        pitsprint [storerooms_1, entrance_room_1, metal_vault_2, armoury_1,
          mini_pit_1, grid_room_1, main_hall_1, silver_pit, the_coven_3,
          the_vestibule_1, steel_vault_3, golden_pit, hallway_of_sentries,
          crystal_vault_5, iron_vault_1, final_vault]

Skill      XL: |  1  2  3  4  5  6  7  8  9 10 11 |
---------------+----------------------------------+-----
Dodging        | 2 3 4 5 7 8 9 |  9.2
Unarmed Combat | 3 5 6 9 13 14 16 19 21 | 21.4
Shapeshifting  | 4 5 7 8 9 10 | 10.9
Fighting       | 2 3 4 6 8 9 10 | 10.6
Stealth        | |  0.5

Action                     |  1- 3 |  4- 6 |  7- 9 | 10-12 || total
---------------------------+-------+-------+-------+-------++-------
  Melee: Unarmed           |    14 |    32 |   135 |   132 ||   313
         Punch             |       |     1 |    12 |    21 ||    34
 Invoke: Potion Petition   |       |     1 |     1 |     2 ||     4
         Call Merchant     |       |       |     1 |     2 ||     3
  Evoke: Wand              |       |       |       |     2 ||     2
    Use: Potion            |     2 |     1 |    13 |    11 ||    27
         Scroll            |       |       |     1 |       ||     1
   Stab: Distracted        |       |       |     3 |     3 ||     6
         Sleeping          |       |       |     1 |       ||     1
         Invisible         |       |       |       |     3 ||     3
 Armour: Animal skin       |    16 |    21 |    46 |       ||    83
         Skin              |       |       |     7 |       ||     7
         Robe              |       |       |    75 |    85 ||   160
  Dodge: Dodged            |     4 |    12 |    67 |    53 ||   136

Table legend: (Time is in decaauts)
 A = Elapsed time spent in this place.
 B = Non-inter-level travel time spent in this place.
 C = Inter-level travel time spent in this place.
 D = Time resting spent in this place.
 E = Time spent auto-exploring this place.
 F = Levels seen in this place.
 G = Mean time per level.
                   A        B        C        D        E       F      G
               +--------+--------+--------+--------+--------+-----+--------+
         Total |   5399 |   5344 |     55 |   4405 |      0 |   1 | 5399.0 |
       Dungeon |   5399 |   5344 |     55 |   4405 |      0 |   1 | 5399.0 |
               +--------+--------+--------+--------+--------+-----+--------+

Top non-repeatable levels by time:
       D: 5399 daAuts
